 Dungeon Crawl Stone Soup version 0.30.0-30-g96aa6591b8 (webtiles) character file.

Game seed: 8419358016549678109

1032 Pepete the Shield-Bearer (level 8, 0/44 (61) HPs)
             Began as a Formicid Fighter on June 29, 2023.
             Was an Initiate of Gozag.
             Slain by an orc warrior
             ... wielding a +0 mace
              (7 damage)
             ... on level 7 of the Dungeon.
             The game lasted 00:18:45 (12191 turns).

Pepete the Shield-Bearer (Formicid Fighter)        Turns: 12191, Time: 00:18:45

HP:   0/44 (61)     AC: 10    Str: 26      XL:     8   Next: 48%
MP:   11/11         EV:  9    Int:  7 (8)  God:    Gozag
Gold: 332           SH: 10    Dex: 11 (13) Spells: 12/12 levels left

rFire   + . .        d - staff of air
rCold   . . .        c - +0 buckler
rNeg    . . .        b - +0 scale mail
rPois   .            (helmet unavailable)
rElec   +            (no cloak)
rCorr   .            (no gloves)
SInv    +            j - +2 pair of boots "Jogappoc" {rF+ Str+3 Slay+2}
Will    .....        m - amulet of reflection Stlth
                     (no ring)
HPRegen 0.27/turn    (no ring)
MPRegen 0.12/turn

%: reflection
@: very heavily drained
A: permanent stasis, dig shafts and tunnels, antennae 3, four strong arms
a: Dig, Shaft Self, Renounce Religion, Potion Petition, Call Merchant, Bribe
Branch


You were on level 7 of the Dungeon.
You worshipped Gozag.
Gozag was aware of your devotion.
You visited 2 branches of the dungeon, and saw 8 of its levels.

You collected 527 gold pieces.
You spent 120 gold pieces at shops.
You paid 75 gold pieces to Gozag.

Inventory:

Hand Weapons
 a - a +1 long sword of chaos
Missiles
 e - a throwing net
Armour
 b - a +0 scale mail (worn)
 c - a +0 buckler (worn)
 h - a +2 pair of boots
 j - the +2 pair of boots "Jogappoc" (worn) {rF+ Str+3 Slay+2}
   (You found it on level 4 of the Dungeon)

   Str:       It affects your strength (+3).
   Slay:      It affects your accuracy & damage with ranged weapons and melee
   (+2).
   rF:        It protects you from fire.
 o - a +1 hat of see invisible
Magical Staves
 d - a staff of air (weapon)
Jewellery
 g - a +6 ring of strength
 m - an amulet of reflection (around neck)
Wands
 l - a wand of mindburst (9)
 n - a wand of polymorph (8)
Scrolls
 f - 2 scrolls of enchant weapon
 k - a scroll of noise
 r - a scroll of fear {unknown}
 s - a scroll of amnesia
 t - 2 scrolls of acquirement {unknown}
 u - a scroll of vulnerability {unknown}
 w - a scroll of immolation {unknown}
Miscellaneous
 q - a box of beasts


   Skills:
 * Level 4.5 Fighting
 - Level 2.8 Long Blades
 * Level 4.2 Staves
 * Level 6.0 Armour
 - Level 0.1 Dodging
 * Level 6.7 Shields
 * Level 2.5 Spellcasting
 * Level 1.9 Air Magic


You had 12 spell levels left.
You didn't know any spells.
Your spell library contained the following spells:

 Spells                   Type           Power      Damage    Failure   Level
 Sublimation of Blood     Necr           0%         N/A       80%         2
 Petrify                  Tmut/Erth      0%         N/A       100%        4
 Irradiate                Conj/Tmut      0%         3d11      100%        5
 Haunt                    Necr/Summ      0%         N/A       100%        7
 Infestation              Necr           0%         N/A       100%        8
 Animate Dead             Necr           Unusable   N/A       N/A         4

Dungeon Overview and Level Annotations

Branches:
Dungeon (7/15)             Temple (1/1) D:4

Altars:
Ashenzari
Dithmenos
Elyvilon
Fedhas
Gozag
Hepliaklqana
Kikubaaqudgha
Nemelex Xobeh
Okawaru
Qazlal
Ru
Sif Muna
Trog
Uskayaw
Vehumet
Wu Jian
Xom
Yredelemnul
Zin
The Shining One

Shops:
D:5 !

Annotations:
D:3 Grinder
D:4 2 runed translucent doors
D:6 Blork the orc


Innate Abilities, Weirdness & Mutations

You cannot be hasted, slowed, berserked, paralysed or teleported.
You can dig through walls and to a lower floor.
You have a pair of large antennae on your head. (SInv)
Your four strong arms can wield two-handed weapons with a shield.


Message History

There is a stone staircase leading down here.
You climb downwards.
There is a stone staircase leading up here.
You start resting.
HP restored.
You start waiting.
Done waiting.
You start waiting.
Done waiting.
You start waiting.
You sense a monster nearby.
The orc warrior shouts!
The orc warrior drinks a potion.
The orc warrior seems to speed up.
The orc warrior attacks as you move away!
The orc warrior hits you with a +0 mace!
The orc warrior hits you with a +0 mace.
You hit the orc warrior but do no damage.
You block the orc warrior's attack.
You hit the orc warrior!
The orc warrior is moderately wounded.
The orc warrior hits you with a +0 mace! x2
You hit the orc warrior but do no damage.
The orc warrior is moderately wounded.
You block the orc warrior's attack.
You hit the orc warrior but do no damage.
The orc warrior is moderately wounded.
The orc warrior hits you with a +0 mace!
* * * LOW HITPOINT WARNING * * *
The orc warrior hits you but does no damage.
You hit the orc warrior but do no damage.
The orc warrior is moderately wounded.
You block the orc warrior's attack.
You aren't carrying any potions.
Okay, then.
Are you sure you want to shaft yourself?
The orc warrior barely misses you. You block the orc warrior's attack.
You begin to dig a shaft.
You continue digging a shaft.
The orc warrior hits you with a +0 mace!
You die...
Your body crumbles into a pile of gold.

#########
#.o@....#
#<#####.#
#.# ...
##.## #..
#.. ##.
#.


You could see an orc warrior (fast).

Vanquished Creatures
  A water moccasin (D:5)
  A sky beast (D:4)
  An ice beast (D:4)
  A black bear (D:5)
  2 scorpions
  2 wights
  3 jellies
  3 hounds
  4 iguanas (D:5)
  Robin (D:2)
  A gnoll (D:5)
  5 adders
  2 shadow imps
  A worm (D:5)
  2 dart slugs
  3 orcs
  3 endoplasms
  3 giant cockroaches
  5 hobgoblins
  2 jackals (D:2)
  5 quokkas
  10 ball pythons
  3 bats (D:2)
  14 goblins
  6 kobolds
  A rat (D:2)
  A butterfly (Temple)
86 creatures vanquished.

Notes
Turn   | Place    | Note
-------+----------+-------------------------------------------
     0 | D:1      | Pepete the Formicid Fighter began the quest for the Orb.
     0 | D:1      | Reached XP level 1. HP: 18/18 MP: 1/1
   163 | D:1      | Reached XP level 2. HP: 24/24 MP: 2/2
   868 | D:2      | Reached XP level 3. HP: 23/29 MP: 3/3
   881 | D:2      | Noticed Robin
  1316 | D:2      | Killed Robin
  1783 | D:2      | Reached XP level 4. HP: 35/35 MP: 4/4
  2306 | D:3      | Found an iron altar of Okawaru.
  2307 | D:3      | Found a sacrificial altar of Ru.
  2563 | D:3      | Noticed Grinder
  2886 | D:4      | Found a staircase to the Ecumenical Temple.
  2894 | Temple   | Entered the Ecumenical Temple
  2959 | Temple   | Became a worshipper of Gozag Ym Sagoz the Greedy
  3060 | D:4      | Found a large runed translucent door.
  3060 | D:4      | Found a large runed translucent door.
  3080 | D:4      | Reached XP level 5. HP: 21/42 MP: 4/6
  3218 | D:4      | Reached skill level 1 in Staves
  3241 | D:4      | Noticed a sky beast
  3262 | D:4      | Killed a sky beast
  3263 | D:4      | Reached skill level 5 in Shields
  3263 | D:4      | Reached skill level 1 in Spellcasting
  3263 | D:4      | Reached XP level 6. HP: 48/48 MP: 7/7
  3465 | D:4      | Reached skill level 1 in Air Magic
  4030 | D:4      | Found a large runed translucent door.
  4031 | D:4      | Found a large runed translucent door.
  4084 | D:4      | Noticed an ice beast
  4150 | D:4      | Killed an ice beast
  4151 | D:4      | Reached XP level 7. HP: 25/54 MP: 9/9
  4466 | D:4      | Identified the +2 pair of boots "Jogappoc" {rF+ Str+3
                  | Slay+2}
  4530 | D:4      | Reached skill level 5 in Armour
  5347 | D:5      | Entered Level 5 of the Dungeon
  5364 | D:5      | Found Muunubuh's Distillery.
  5373 | D:5      | Bought a potion of heal wounds for 60 gold pieces
  5373 | D:5      | Bought a potion of heal wounds for 60 gold pieces
  5698 | D:5      | Noticed a water moccasin
  6397 | D:5      | Reached XP level 8. HP: 23/61 MP: 11/11
  9441 | D:5      | Found a glowing golden altar of the Shining One.
  9441 | D:5      | Found a shimmering altar of Xom.
  9441 | D:5      | Found a hazy altar of Hepliaklqana.
 10973 | D:6      | Noticed Blork the orc
 11068 | D:4      | You fall into a shaft and drop 3 floors!
 12191 | D:7      | Slain by an orc warrior

Illustrated notes

Levels and vault maps discovered:
D:1:      roderic_chinese_lattice_arrival, layout_basic,
          chequers_serial_rivers_small_b
D:2:      layout_loops_ring, uniq_robin
D:3:      layout_basic, gammafunk_temple_overflow_statue,
          amcnicky_mini_rare_corridor_liquid, uniq_jessica, uniq_grinder
D:4:      layout_rooms, minmay_temple_entry_butterflies, serial_glass,
          glass_columns_b, glass_columns_a, minmay_hollow_rounded_squares
D:5:      kennysheep_six_static_rooms, layout_layer_cave,
          gammafunk_temple_overflow_claw, serial_shops, nicolae_shop_trees
D:6:      layout_rooms, uniq_blork_the_orc
D:7:      layout_loops_cross, chei_slow_surprise, uniq_duvessa
Temple:   hellmonk_temple_of_storms

Skill      XL: |  1  2  3  4  5  6  7  8 |
---------------+-------------------------+-----
Armour         | 4 5 6 |  6.0
Staves         | 1 2 3 4 |  4.2
Shields        | 5 6 |  6.7
Spellcasting   | 1 2 |  2.5
Air Magic      | 1 |  1.9
Fighting       | 4 |  4.5
Long Blades    | |  2.8
Dodging        | |  0.1

Action                     |  1- 3 |  4- 6 |  7- 9 || total
---------------------------+-------+-------+-------++-------
  Melee: Long sword        |   106 |       |       ||   106
         Staff             |     3 |   242 |   246 ||   491
Ability: Dig               |       |     2 |     5 ||     7
         Shaft Self        |       |       |     2 ||     2
    Use: Scroll            |     2 |     3 |     1 ||     6
         Potion            |     1 |       |    10 ||    11
 Armour: Scale mail        |    47 |   103 |    98 ||   248
  Dodge: Dodged            |    51 |    65 |   110 ||   226
  Block: Buckler           |    25 |   106 |   151 ||   282
         Reflection        |       |     1 |     2 ||     3
